Map: Catalyst LE

Players

blindtresddd - Winner!

  • Race: Zerg Zerg
  • Spawn Location: 5:00

SamuraiFunn

  • Race: Protoss Protoss
  • League: Platinum
  • Spawn Location: 11:00

VOD

Have the link to the VOD?

Description

Time

  • Played on: Nov. 25, 2017, 2:49 p.m.
  • Length: 13:28
Show
View Real Time Build Order
Export as new Build Order

blindtresddd Zerg - Winner!

Build Orders: Pool First 

Get SALT Encoding   

  12  0:01  Drone  
  13  0:08  Drone  
  14  0:22  Extractor  
  14  0:25  Drone, Extractor  
  14  0:26  Drone  
  16  0:30  Overlord  
  16  0:49  Drone x2  
  18  0:51  Extractor  
  18  0:56  Extractor  
  16  0:58  Spawning Pool  
  16  1:00  Drone  
  16  1:21  Drone x2  
  18  1:34  Drone  
  19  1:44  Drone  
  20  1:56  Hatchery  
  20  2:00  Drone  
  20  2:03  Lair  
  20  2:08  Drone  
  21  2:22  Extractor  
  20  2:23  Drone  
  22  2:30  Drone  
  22  2:45  Overlord  
  22  3:06  Overseer  
  22  3:08  Drone x3  
  25  3:13  Drone, Spire  
  25  3:20  Queen  
  25  3:23  Queen  
  25  3:24  Drone  
  30  3:27  Extractor  
  29  3:45  Drone  
  29  3:46  Drone  
  29  3:47  Drone x3  
  34  4:06  Overlord  
  34  4:07  Extractor, Overlord  
  33  4:27  Mutalisk x2  
  33  4:28  Mutalisk x3  
  43  4:32  Mutalisk  
  43  4:33  Mutalisk  
  43  4:38  Mutalisk  
  49  4:51  Drone  
  49  4:52  Drone x2  
  52  5:17  Overlord x3  
  52  5:39  Drone x3  
  52  5:40  Drone x2  
  52  5:41  Drone x3  
  60  5:58  Infestation Pit  
  60  6:02  Drone x4  
  63  6:04  Drone x3  
  66  6:13  Hatchery  
  65  6:35  Drone x3  
  68  6:58  Overlord  
  68  6:59  Overlord x2  
  68  7:14  Drone  
  69  7:16  Metabolic Boost, Hive  
  69  7:18  Zerg Flyer Weapons Level 1  
  69  7:22  Spire, Pneumatized Carapace  
  68  7:25  Drone  
  68  7:26  Queen  
  71  7:41  Extractor  
  70  7:47  Extractor  
  69  8:04  Drone x3  
  72  8:15  Overseer  
  72  8:42  Overlord  
  72  8:43  Overlord  
  70  8:59  Drone x3  
  70  9:00  Drone x2  
  70  9:01  Corruptor x4  
  70  9:02  Corruptor x2  
  87  9:12  Greater Spire  
  87  9:15  Adrenal Glands  
  87  9:21  Zerg Flyer Weapons Level 2  
  87  9:32  Drone x2  
  87  9:33  Drone x3  
  92  9:59  Zergling x10  
  98  10:00  Zergling x6  
  98  10:01  Zergling x8  
  98  10:02  Zergling x4  
  98  10:03  Overlord x2  
  98  10:04  Overlord  
  106  10:29  Overseer  
  106  10:45  Zergling x2  
  106  10:46  Zergling x8  
  106  10:48  Zergling x2  
  106  10:49  Zergling x14  
  121  10:50  Zergling x6  
  121  10:51  Zergling x6  
  121  10:52  Zergling x6  
  128  10:58  Brood Lord  
  128  11:00  Overlord  
  128  11:01  Overlord  
  121  11:25  Zergling x2  
  121  11:26  Zergling x4  
  121  11:27  Zergling x6  
  121  11:28  Zergling x6  
  121  11:29  Zergling x2  
  94  12:31  Brood Lord x5  
  104  12:51  Overlord  
  104  12:52  Overlord x3  
Show
View Real Time Build Order
Export as new Build Order

SamuraiFunn Protoss 

Build Orders: 1 Gate Expand 

Get SALT Encoding   

  12  0:01  Probe  
  13  0:16  Pylon  
  13  0:18  Probe  
  14  0:30  Probe  
  15  0:37  Gateway  
  15  0:43  Probe  
  16  0:55  Probe (Chrono Boost)  
  17  0:57  Assimilator  
  17  1:07  Probe (Chrono Boost)  
  19  1:11  Probe (Chrono Boost)  
  19  1:31  Nexus  
  19  1:36  Probe  
  20  1:51  Probe, Pylon  
  23  1:54  Zealot  
  23  2:09  Probe, Cybernetics Core  
  24  2:24  Pylon  
  24  2:32  Gateway  
  24  2:39  Stalker  
  24  2:44  Gateway  
  26  2:52  Warp Gate (Chrono Boost)  
  26  2:56  Probe x2  
  28  3:07  Assimilator  
  28  3:11  Pylon  
  28  3:16  Probe x2  
  30  3:33  Gateway  
  30  3:36  Stalker x2  
  34  3:45  Probe x2  
  36  3:57  Probe x2  
  38  4:04  Assimilator  
  38  4:15  Robotics Facility  
  38  4:19  Probe  
  38  4:20  Probe  
  40  4:29  Assimilator  
  40  4:40  Probe x2  
  40  4:44  Stalker x3  
  48  4:55  Probe  
  48  4:56  Probe, Twilight Council  
  50  5:08  Probe x2  
  50  5:09  Observer  
  53  5:20  Probe x2  
  55  5:26  Gateway  
  55  5:28  Gateway  
  49  5:29  Gateway  
  49  5:32  Probe x2  
  41  6:02  Probe  
  41  6:03  Probe  
  43  6:04  Stalker  
  43  6:05  Stalker x2  
  43  6:06  Pylon  
  48  6:19  Pylon, Blink  
  48  6:21  Pylon  
  48  6:42  Pylon  
  48  6:44  Pylon  
  46  6:57  Forge  
  38  7:12  Probe  
  39  7:17  Stalker x3  
  45  7:27  Probe x2  
  47  7:39  Probe x2  
  46  7:51  Probe x2  
  46  7:56  Photon Cannon  
  48  7:59  Photon Cannon  
  48  8:03  Probe x2  
  48  8:04  Photon Cannon x2  
  50  8:15  Probe  
  50  8:16  Probe  
  52  8:27  Probe  
  52  8:28  Probe  
  52  8:40  Probe x2  
  53  8:52  Probe x2, Stalker x5  
  65  9:04  Probe x2  
  67  9:16  Probe x2, Pylon  
  69  9:25  Photon Cannon  
  69  9:28  Probe x2  
  71  9:37  Protoss Ground Weapons Level 1  
  71  9:40  Probe x2  
  73  9:52  Stalker  
  75  9:53  Stalker x3  
  81  10:01  Photon Cannon  
  81  10:07  Probe x2  
  83  10:19  Probe  
  83  10:20  Probe  
  85  10:34  Photon Cannon x2  
  85  10:35  Photon Cannon  
  85  10:39  Photon Cannon  
  85  10:43  Stalker x2  
  85  10:44  Stalker x2  
  85  10:45  Stalker  
  95  10:57  Probe x2  
  97  11:09  Probe  
  98  11:13  Stalker x2  
  102  11:19  Pylon  
  102  11:22  Pylon  
  71  11:51  Stalker x2  
  71  11:52  Stalker x3  
  70  11:55  Charge (Chrono Boost)  
  66  12:10  Zealot  
  62  12:25  Stalker x3  
  62  12:26  Stalker  
  62  12:27  Stalker  
  68  12:41  Stalker  
  63  12:59  Stalker x3  
  63  13:00  Stalker x2  
Tags
 
Add a new tag
Caveats
  • Supply blocks, unpowered buildings, or Contaminate may cause inaccurate times.
  • Supply counts are checked every 10 seconds.